 Dungeon Crawl Stone Soup version 0.23-a0-208-gb6b040f (webtiles) character file.

14 mopl the Insei (level 2, 20/21 HPs)
             Began as a Barachi Transmuter on Sept 25, 2018.
             Got out of the dungeon alive.
             The game lasted 00:01:24 (1172 turns).

mopl the Insei (Barachi Transmuter)                 Turns: 1172, Time: 00:01:25

Health: 20/21      AC:  2    Str: 11    XL:     2   Next: 41%
Magic:  5/5        EV: 12    Int: 13    God:
Gold:   22         SH:  0    Dex: 12    Spells: 2/5 levels left

rFire    . . .     SeeInvis .     - Unarmed
rCold    . . .     Gourm    .   (no shield)
rNeg     . . .     Faith    .   b - +0 robe
rPois    .         Spirit   .   (no helmet)
rElec    .         Reflect  .   (no cloak)
rCorr    .         Harm     .   (no gloves)
MR       .....                  (no boots)
Stlth    +.........             (no amulet)
HPRegen  0.07/turn              (no ring)
MPRegen  0.09/turn              (no ring)

@: slow
A: +LOS, swims, slowness 1, strong legs 1
a: Hop


You escaped.
You were very hungry.

You visited 1 branch of the dungeon, and saw 2 of its levels.

You collected 22 gold pieces.

Inventory:

Missiles
 a - 12 arrows
 c - 57 stones (quivered)
Armour
 b - a +0 robe (worn)
Scrolls
 e - a scroll of remove curse {unknown}
Potions
 f - a potion of curing {unknown}
Comestibles
 d - a ration


   Skills:
 - Level 1.2 Fighting
 - Level 2.1 Dodging
 * Level 3.7 Unarmed Combat
 - Level 2.4 Spellcasting
 - Level 2.4 Transmutations


You had 2 spell levels left.
You knew the following spells:

 Your Spells              Type           Power        Failure   Level  Hunger
a - Beastly Appendage     Tmut           #.....       9%          1    #......
w - Sticks to Snakes      Tmut           #.......     13%         2    ###....

Your spell library contained the following spells:

 Spells                   Type           Power        Failure   Level  Hunger
 Spider Form              Tmut/Pois      #.........   41%         3    ###....
 Ice Form                 Ice/Tmut       #.......     82%         4    #####..
 Blade Hands              Tmut           #.........   94%         5    ######.


Dungeon Overview and Level Annotations

Branches:
Dungeon (2/15)

Altars:
Trog


Innate Abilities, Weirdness & Mutations

Shadows flee at your approach. (+LOS)
You can swim through water.
You cover ground slowly.
You can hop short distances.


Message History

The orc wizard hits you but does no damage.
The orc wizard gestures wildly while chanting.
The orc wizard blinks!
There is an escape hatch in the ceiling here.
Unknown command.
The bat hits you. The frilled lizard barely misses you.
A mysterious force pulls you upwards. The hatch slams shut behind you.
Unknown command.
Unknown command.
Unknown command.
Unknown command.
Unknown command.
Unknown command.
Unknown command.
Unknown command.
There is a stone staircase leading down here.
You feel yourself speed up.
There is a staircase leading out of the dungeon here.
Are you sure you want to leave the Dungeon?
This will make you lose the game!
You have escaped!

...###...####...##
..## ###..#####..# .##
##..####..# #####
#...#...## #...#
###....## ..#.##
##'####### ###..##
##'####...## #
##..###.####.....#
#...#..##....@..#
##...#...#.#...##
######..#######
######################
.#...................#
##.#............######
##.#.............#
##...............#
.................#


There were no monsters in sight!

Vanquished Creatures
  A goblin (D:1)
  3 hobgoblins (D:1)
  2 bats (D:1)
  A frilled lizard (D:1)
  4 kobolds (D:1)
  2 rats (D:1)
13 creatures vanquished.

Notes
Turn   | Place    | Note
-------+----------+-------------------------------------------
     0 | D:1      | mopl the Barachi Transmuter began the quest for the Orb.
     0 | D:1      | Reached XP level 1. HP: 15/15 MP: 3/3
   256 | D:1      | Reached XP level 2. HP: 15/21 MP: 3/5
   269 | D:1      | Learned a level 2 spell: Sticks to Snakes
  1084 | D:2      | Found a faded altar of an unknown god.
  1094 | D:2      | Became a worshipper of Trog the Wrathful
  1094 | D:2      | Reached * piety under Trog
  1095 | D:2      | Fell from the grace of Trog
  1172 | D:$      | Got out of the dungeon alive.

Vault maps used:
D:1:      dpeg_cavernosity
D:2:      kennysheep_big_flooded_room, tgw_xom, first_ration,
          chequers_ecumenical_altar_island, minmay_divided_ellipse

Action                   || total
-------------------------++-------
Melee: Unarmed           ||    45
       Kick              ||     6
       Headbutt          ||     2
Throw: Stone             ||     6
 Cast: Beastly Appendage ||     9
Invok: Renounce Religion ||     1
Armor: Robe              ||    10
Dodge: Dodged            ||    41

Table legend:
 A = Non-vault XP
 B = Vault XP
 C = Vault XP percentage of total XP
 D = Non-vault monster count
 E = Vault monster count
 F = Vault count percentage of total count
                 A         B        C        D         E       F
            +---------+---------+-------+---------+---------+-------
      Total |      15 |       5 |  25.0 |       9 |       4 |  30.8
            +---------+---------+-------+---------+---------+-------
        D:1 |      15 |       5 |  25.0 |       9 |       4 |  30.8
            +---------+---------+-------+---------+---------+-------
